[Event "CCT Chesscom Classic-D1 2024"]
[Site "Online"]
[Date "2024.05.10"]
[Round "1"]
[White "Lazavik, Denis"]
[Black "Nepomniachtchi, Ian"]
[Result "1-0"]
[ECO "D37"]
[WhiteElo "2572"]
[BlackElo "2770"]
[Annotator "TA"]
[PlyCount "49"]
[EventDate "2024.05.08"]
[EventType "k.o."]
[EventCountry "NET"]
[SourceTitle "playchess.com"]
[Source "ChessBase"]
[SourceQuality "1"]
[TimeControl "600+2"]

1. d4 Nf6 2. c4 e6 3. Nf3 d5 4. Nc3 Be7 5. Bf4 c5 6. dxc5 Bxc5 7. e3 Nc6 8. cxd5 Nxd5 {[%emt 0:00:03] The position is equal.} 9. Nxd5 exd5 10. Bd3 Bb4+ 11. Nd2 g5 12. Bg3 h5 {[%emt 0:00:02][%cal Bh7h5,Bh5h4][%mdl 32] [#] And now ...h4 would win.} 13. h3 h4 14. Bh2 d4 {[%emt 0:00:50] ...dxe3 would now be deadly.} 15. Qe2 Be6 (15... dxe3 $5 16. fxe3 Qa5 $11) 16. O-O dxe3 17. Qxe3 Bxd2 ({Black should try} 17... Qb6 $14 18. Qe2 (18. Qxg5 Qd4 $14) 18... g4) 18. Qxd2 $16 Qd5 (18... Qf6 $16 {was worth a try.}) 19. Qe3 $18 {[%emt 0:00:13] Black must now prevent Rfd1.} O-O-O $2 {[%emt 0:00:24] [#]} (19... Rd8) 20. Be4 {[%emt 0:00:04] A strong pair of Bishops.} Qd4 21. Qf3 Ne5 (21... Bd5 $142) 22. Rac1+ Kd7 23. Qf6 Qxe4 24. Bxe5 ({Weaker is} 24. Qxe5 Qxe5 25. Bxe5 Rh6 $16) 24... Bc4 25. Rfe1 {[%emt 0:00:10] Weighted Error Value: White=0.05 (flawless) /Black=0.65.  Mistake:       	---       	Black=4      Inaccurate:     	White=1     	Black=1      OK:         	White=9     	Black=4} (25. Rfd1+ $142 Qd5 26. Rxd5+ Bxd5 27. Rc7+ Ke8 28. Qxh8#) 1-0

[Event "CCT Chesscom Classic-D1 2024"]
[Site "Online"]
[Date "2024.05.12"]
[Round "3"]
[White "Carlsen, Magnus"]
[Black "Keymer, Vincent"]
[Result "1/2-1/2"]
[ECO "C54"]
[WhiteElo "2830"]
[BlackElo "2726"]
[Annotator "RC"]
[PlyCount "121"]
[EventDate "2024.05.08"]
[EventType "k.o."]
[EventCountry "NET"]
[SourceTitle "playchess.com"]
[Source "ChessBase"]
[SourceQuality "1"]
[TimeControl "600+2"]

1. e4 e5 2. Nf3 Nc6 3. Bc4 Nf6 4. d3 Bc5 5. O-O a6 6. c3 Ba7 7. a4 d6 8. Nbd2 O-O 9. h3 h6 10. b4 Ne7 11. Re1 Be6 12. Bxe6 fxe6 13. Nf1 Ng6 14. Ra2 d5 15. Qe2 Qd6 16. c4 dxc4 17. dxc4 a5 18. bxa5 Bc5 19. Bd2 Qc6 20. Rb2 b6 21. Rb5 Ne8 22. Be3 Bxe3 23. Nxe3 Rxa5 24. Ng4 Rxb5 25. cxb5 Qc3 26. Qe3 Qxe3 27. Rxe3 Nd6 28. Rc3 Ra8 29. Rxc7 Rxa4 30. Rc6 Nxb5 31. Rxe6 Nf4 32. Rxb6 Nc3 33. Ngxe5 Nxe4 34. Rb2 Kh7 35. Kh2 Nd5 36. Ne1 Ndc3 37. f3 Nf6 38. N1d3 Ra7 39. Nf4 g5 40. Ne6 Re7 41. Rb6 Ncd5 42. Rd6 Re8 43. g4 Nc3 44. h4 gxh4 45. Kh3 Ncd5 46. Kxh4 Re7 47. f4 Ne3 48. Rc6 Ned5 49. Nd4 Nxf4 50. Rxf6 Ng2+ 51. Kg3 Rxe5 52. Nf5 Ne3 53. Rxh6+ Kg8 54. Kf4 Nxf5 55. Rg6+ Kf7 56. Kxe5 Kxg6 57. gxf5+ Kf7 58. f6 Kf8 59. Ke6 Ke8 60. f7+ Kf8 61. Kf6 1/2-1/2

[Event "CCT Chesscom Classic-D1 2024"]
[Site "Online"]
[Date "2024.05.12"]
[Round "3"]
[White "Keymer, Vincent"]
[Black "Carlsen, Magnus"]
[Result "0-1"]
[ECO "A17"]
[WhiteElo "2726"]
[BlackElo "2830"]
[Annotator "TA"]
[PlyCount "100"]
[EventDate "2024.05.08"]
[EventType "k.o."]
[EventCountry "NET"]
[SourceTitle "playchess.com"]
[Source "ChessBase"]
[SourceQuality "1"]
[TimeControl "600+2"]

1. Nf3 d5 2. e3 Nf6 3. c4 e6 4. Nc3 dxc4 5. Bxc4 a6 6. e4 c5 7. d4 cxd4 8. Nxd4 {[%emt 0:00:01] The position is equal.} Bd6 9. Be3 O-O 10. Rc1 b5 11. Bb3 Bb7 {[%emt 0:00:51][%cal Ob5b4] [#]} 12. Bxe6 $1 fxe6 13. Nxe6 Qe7 14. Nxf8 Kxf8 15. f3 Nbd7 16. Ne2 Ne5 (16... Bb4+ $1 $11 17. Nc3 Ne5) 17. O-O $1 $14 Rd8 18. Qc2 Rc8 19. Qb1 Nc4 20. Bd4 Bc5 {[%emt 0:00:30] [#]} (20... Kg8 $11 {remains equal.} 21. Qd3 Bb8) 21. Rfd1 (21. Qa1 $1 $16) 21... Nxe4 $1 $11 22. b3 (22. fxe4 $5 Bxe4 23. Qa1 Bxg2 24. Bxc5 Rxc5 25. Ng3 $11) 22... Ne3 $36 {[%emt 0:02:31][%mdl 2048] Black is pushing.} 23. fxe4 ({Better is} 23. Re1 $1 $11 Qg5 24. Bxc5+ Rxc5 (24... Nxc5 25. Ng3 $14) 25. Ng3 Nxg2 (25... Nxg3 26. hxg3 Bxf3 27. Rxc5 $11) 26. Kxg2 (26. Nxe4 $2 Bxe4 27. Rxc5 Qxc5+ 28. Kxg2 Bxb1 $19) 26... Qd2+ 27. Re2 Qxc1 (27... Rxc1 28. Rxd2 Rxb1 29. fxe4 $11) 28. Qxc1 Rxc1 29. Nxe4) 23... Nxd1 $15 24. Rxd1 Bxe4 25. Qb2 {[%emt 0:00:17] White is weak on the light squares} Bb4 {[%emt 0:01:15] This pair of bishops is nice.} (25... Ba3 {keeps more tension.} 26. Qd2 Rc2 27. Qf4+ Kg8) 26. Rc1 {[%emt 0:00:27] Inhibits Rc2.} Re8 27. Ng3 Kg8 28. Qf2 Bg6 29. h3 Bd6 {[%emt 0:00:18] Hoping for ...Rf8.} 30. Nf5 Qg5 31. Rf1 Rf8 32. Qe3 $1 Qxe3+ ({Reject} 32... Rxf5 33. Qe6+ Rf7 34. Rxf7 Bxf7 35. Qxd6 $14) 33. Nxe3 Rxf1+ 34. Kxf1 {[%emt 0:00:03][%mdl 4096] Endgame. KBB-KBN} Bb1 35. a4 Ba2 36. axb5 axb5 37. Bxg7 $1 Bc5 38. Nf5 Bxb3 {[%emt 0:00:03] Threatens to win with ...Bc4+.} ({But not} 38... Bb1 $6 39. Bd4 Bf8 40. Ne3 $16) 39. Bd4 Bf8 {[%emt 0:00:02] Prevents Nh6+} 40. Kf2 Kf7 41. g4 Ke6 42. Ke3 Bc2 43. Ng7+ Kd5 44. Bb2 b4 45. Nh5 (45. Nf5 $17) 45... Kc4 $19 46. Bg7 $2 (46. Kd2 $19 Bg6 47. Ng7) 46... Bxg7 {[%emt 0:00:04] Black mates.} 47. Nxg7 Kc3 48. Ne6 b3 49. Nc7 b2 50. Nb5+ Kb4 {[%emt 0:00:01] Weighted Error Value: White=0.25 (precise) /Black=0.08 (flawless) .  Mistake:       	White=4     	Black=2      Inaccurate:     	White=1     	---        OK:         	White=15    	Black=21     Best:        	White=1     	Black=4      Strong:       	White=3     	Black=1} 0-1

[Event "CCT Chesscom Classic-D1 2024"]
[Site "Online"]
[Date "2024.05.15"]
[Round "4"]
[White "Carlsen, Magnus"]
[Black "Firouzja, Alireza"]
[Result "0-1"]
[ECO "E04"]
[WhiteElo "2830"]
[BlackElo "2738"]
[Annotator "TA"]
[PlyCount "120"]
[EventDate "2024.05.08"]
[EventType "k.o."]
[EventCountry "NET"]
[SourceTitle "playchess.com"]
[Source "ChessBase"]
[SourceQuality "1"]
[TimeControl "600+2"]

1. d4 d5 2. c4 e6 3. Nf3 Nf6 4. g3 dxc4 5. Bg2 c5 6. Qa4+ Bd7 {[%emt 0:00:11] E04: Open Catalan: 5 Nf3.} 7. Qxc4 b5 8. Qc2 Na6 9. O-O Rc8 10. a3 cxd4 11. Qd1 Nc5 $146 ({Predecessor:} 11... Qb6 12. b4 Bc6 13. Qxd4 Qb7 14. Be3 Rc7 15. Nbd2 Be7 16. Nb3 Be4 17. Na5 Qd5 {1-0 Tran,Q (1821)-Lam,D (1546) VIE-ch Ha Tien 2023 (5)}) 12. Nxd4 e5 13. Nf3 Be6 14. Qxd8+ Rxd8 15. Nc3 Nb3 16. Rb1 Bf5 17. Nxe5 Bxb1 18. Bc6+ Ke7 19. Nxb1 Ke6 20. Nd3 Nd4 21. Nf4+ Kf5 (21... Ke7 $5 22. Bg2 g5 $11) 22. Bg2 (22. e4+ $11 Ke5 23. Bb7) 22... g5 $15 23. Bh3+ g4 $1 24. Bg2 Bd6 25. Nc3 Rhe8 26. f3 Bxf4 $1 27. fxg4+ Kg6 $1 28. Bxf4 Nxe2+ 29. Nxe2 Rxe2 30. g5 Nd5 31. Bc1 Ne3 32. Bf3 Nxf1 33. Bxe2 Nd2 34. h4 a6 35. Kf2 f6 36. gxf6 Kxf6 37. g4 {[%emt 0:00:07] [#]} ({White should play} 37. Bg4) 37... Ke5 $1 $17 38. Ke1 (38. Kg2 $17) 38... Ne4 $19 39. Be3 Rc8 40. Bd1 Rd8 $2 ({Black should try} 40... Nd6 $19 {Strongly threatening ...Nc4.} 41. Bd2 Kd4) 41. Bc2 $2 (41. Be2 $1 $11) 41... Rf8 $17 42. Bd1 Nd6 43. h5 Nc4 44. Bc1 Kd4 45. Bc2 $1 Ne3 46. Bxe3+ Kxe3 47. Bxh7 Kf4 48. Bf5 Kg5 49. Kd2 Rd8+ 50. Kc3 a5 51. b4 axb4+ 52. axb4 Rd6 53. Kb3 Rd4 54. Be6 Rd6 55. Bf5 Rd4 56. Ka3 Rd6 57. Kb2 Rd4 58. Kb3 Rd6 59. Kc3 Rd8 60. Bd3 Kxg4 0-1

[Event "CCT Chesscom Classic-D1 2024"]
[Site "Online"]
[Date "2024.05.15"]
[Round "4"]
[White "Firouzja, Alireza"]
[Black "Carlsen, Magnus"]
[Result "1/2-1/2"]
[ECO "B13"]
[WhiteElo "2738"]
[BlackElo "2830"]
[Annotator "TA"]
[PlyCount "105"]
[EventDate "2024.05.08"]
[EventType "k.o."]
[EventCountry "NET"]
[TimeControl "600+2"]

1. d4 d5 2. Bf4 c5 3. e3 cxd4 4. exd4 Nc6 5. c3 f6 6. Nf3 {[%emt 0:00:12] B13: Caro-Kann: Exchange Variation and Panov-Botvinnik Attack.} g5 7. Bg3 Bf5 8. Nbd2 h5 9. h3 e6 10. Bb5 Bd6 11. O-O $146 ({Predecessor:} 11. Bxd6 Qxd6 12. Nb3 Nge7 13. Bd3 Kf7 14. Qe2 g4 15. hxg4 hxg4 16. Rxh8 Rxh8 17. Nfd2 {1-0 Frantsev,I-Maly,J (1417) CZE-ch U12 Herlikovice 2021 (3)}) 11... Nge7 12. Nb3 a6 13. Bd3 Bxg3 14. fxg3 Qd6 15. Qe2 Bxd3 16. Qxd3 b6 17. Nh2 f5 18. Rae1 g4 19. h4 Kd7 20. Rf2 Ng8 (20... Rhe8 $14) 21. Rfe2 $16 Nd8 22. c4 $1 dxc4 (22... Nf6 $142) 23. Qxc4 $16 Nf6 24. Nf1 Re8 25. Qd3 (25. Ne3 $1 $16 Nc6 (25... Qxg3 $2 26. d5 $18) 26. Rd1) 25... Nc6 $11 26. a3 Ne4 27. Kh2 Nc5 $2 (27... Kc7 $1 $11) 28. Nxc5+ $18 bxc5 29. Ne3 Nxd4 (29... Qxd4 30. Qc2 f4 31. Rd2 fxe3 32. Rxe3 $18 (32. Rxd4+ cxd4 33. Qh7+ Kd6 $16)) 30. Nc4 Qc7 31. Re5 Rad8 32. b4 $2 (32. Qc3 $18 {Black must now prevent b4.} f4 33. gxf4) 32... Ke7 $14 33. Qe3 (33. bxc5 $6 Nf3+ 34. gxf3 Rxd3 $11) (33. Rxc5 $2 Qxc5 34. bxc5 Nf3+ $19) 33... cxb4 34. Qg5+ (34. Na5 $14 Kf7 (34... bxa3 $2 35. Nb3 $18) 35. axb4) 34... Kf8 $11 35. axb4 Qg7 36. Qf4 Qf6 37. Rc5 Nc2 $2 (37... Kg8 $11) 38. Rb1 $2 (38. Rxe6 $1 $18 Qxe6 (38... Rxe6 $2 {too greedy.} 39. Rxf5 Ke7 40. Rxf6 $18) 39. Rxf5+ Ke7 40. Re5 (40. Rxh5 Kd7 $18)) 38... Rd4 $2 {[%emt 0:00:20][%mdl 8192] [#]} (38... Re7 $16 {was worth a try.}) 39. Ne5 $2 (39. Qc1 $1 $18 ) 39... Rxf4 40. Nd7+ Ke7 41. Nxf6 Kxf6 $2 (41... Rxb4 $11 {and Black stays safe.} 42. Rxb4 (42. Nxe8 Rxb1 43. Rxc2 Kxe8 $11) 42... Nxb4 43. Nxe8 Kxe8) 42. gxf4 $18 Ne3 43. Re1 g3+ 44. Kxg3 Rg8+ 45. Kf3 $2 (45. Kf2 $18 Nd5 46. Rc6) 45... Nxg2 $11 46. Rh1 Rg4 47. Rc6 Nxh4+ 48. Ke2 Rxf4 49. Rb1 Re4+ 50. Kf2 Rf4+ 51. Ke2 Re4+ 52. Kf2 Rf4+ 53. Ke2 1/2-1/2

[Event "CCT Chesscom Classic-D1 2024"]
[Site "Online"]
[Date "2024.05.15"]
[Round "5"]
[White "Carlsen, Magnus"]
[Black "Firouzja, Alireza"]
[Result "1/2-1/2"]
[ECO "C54"]
[WhiteElo "2830"]
[BlackElo "2738"]
[Annotator "TA"]
[PlyCount "70"]
[EventDate "2024.05.08"]
[EventType "k.o."]
[EventCountry "NET"]
[SourceTitle "playchess.com"]
[Source "ChessBase"]
[SourceQuality "1"]
[TimeControl "600+2"]

1. e4 e5 2. Nf3 Nc6 3. Bc4 Nf6 4. d3 Bc5 5. O-O d6 6. c3 a6 7. a4 Ba7 8. Nbd2 O-O 9. h3 {[%emt 0:00:02] White has an edge.} Re8 10. Qb3 Rf8 11. a5 Nh5 12. Qd1 Qf6 13. Nb3 Nf4 14. Be3 Ne7 15. d4 Neg6 16. Kh2 c6 (16... exd4 {feels hotter.} 17. cxd4 d5 18. exd5 Nxd5 19. Kh1 Ngf4) 17. dxe5 {[%emt 0:00:36] Active counter play!} Nxe5 18. Nxe5 Qxe5 19. Bxa7 Qxe4 {[%emt 0:00:26][%csl Gf4][%cal Re4g2] [#]} 20. f3 (20. Rg1 $1 $11 Qxc4 (20... Rxa7 21. Qxd6 Qxc4 22. Nd2 $16) 21. Qxd6) 20... Qxc4 $15 21. Be3 {[%emt 0:00:04][%cal Ob3d2] And now Nd2! would win.} Nd3 22. Nd2 (22. Qd2 $1 $11) 22... Qb5 23. Ne4 {[%emt 0:00:07] [#]} Nxb2 (23... Bf5 $1 $17 {Hoping for ...Bxe4.} 24. Bd4 c5 (24... Nxb2 25. c4 $11) 25. Nxd6 Qd7 (25... Qxb2 $2 {too greedy.} 26. Nxf5 cxd4 27. Qxd3 $18) 26. Nxf5 Qxf5) 24. Qd4 Qe5+ 25. Qxe5 dxe5 26. Rfb1 Nc4 27. Bc5 {[%emt 0:00:01][%cal Ob1b4] aiming for Rb4!} Rd8 28. Rb4 Be6 29. Rxb7 h6 30. Bb6 Rdb8 31. Re7 Nxb6 32. axb6 Rxb6 {[%emt 0:00:15] Strongly threatening ...Rb5.} 33. Nc5 Bd5 34. Rxe5 (34. Nd7 $1 $15 Rb2 35. Nxe5) 34... Rb5 (34... Rb2 $17 35. Kg3 a5) 35. Rxa6 $11 Rd8 {[%emt 0:00:07] Weighted Error Value: White=0.16 (very precise) /Black=0.17 (very precise) .  Mistake:       	White=3     	Black=2      Inaccurate:     	White=3     	Black=2      OK:         	White=10    	Black=11     Best:        	White=4     	Black=1} 1/2-1/2

[Event "CCT Chesscom Classic-D1 2024"]
[Site "Online"]
[Date "2024.05.15"]
[Round "5"]
[White "Firouzja, Alireza"]
[Black "Carlsen, Magnus"]
[Result "1-0"]
[ECO "C24"]
[WhiteElo "2738"]
[BlackElo "2830"]
[Annotator "TA"]
[PlyCount "83"]
[EventDate "2024.05.08"]
[EventType "k.o."]
[EventCountry "NET"]
[SourceTitle "playchess.com"]
[Source "ChessBase"]
[SourceQuality "1"]
[TimeControl "600+2"]

1. e4 e5 2. Bc4 Nf6 3. d3 c6 4. Nf3 d5 5. Bb3 Bd6 6. Nbd2 O-O {[%emt 0:00:07] C24: Bishop's Opening: 2...Nf6.} 7. O-O Re8 8. Re1 Nbd7 9. c3 Nc5 10. Bc2 dxe4 11. dxe4 Bc7 12. Qe2 Qe7 $146 ({Predecessor:} 12... Nh5 13. Nc4 Qf6 14. Bg5 Qg6 15. Be3 Nf4 16. Bxf4 exf4 17. e5 Qh6 18. b4 b5 19. bxc5 bxc4 20. Qxc4 {½-½ Bernasek,J (2498)-Mladek,R (2365) CZE-chT1W 2122 2021 (2.3)}) 13. b4 Ne6 14. Nc4 Nf4 15. Bxf4 exf4 16. e5 Nd5 17. h3 (17. Nd6 $5) 17... g6 (17... Nxc3 $2 18. Qd3 g6 19. Qxc3 $18) 18. Qd2 Be6 {[%emt 0:00:03] [#]} ({Black should try} 18... Rd8 $14) 19. Nd6 $1 $16 Red8 (19... Bxd6 $16 20. exd6 Qxd6) 20. c4 $18 Nb6 (20... Nf6 $142) 21. c5 $18 Nd5 22. Be4 ({Don't play} 22. Nxb7 Rdb8) 22... b6 (22... Rdb8 $142 23. Rad1 a6) 23. Nd4 $18 Bd7 24. Bxd5 cxd5 25. Qxf4 bxc5 26. bxc5 Rab8 27. Rab1 Rxb1 28. Rxb1 Rb8 29. Rxb8+ Bxb8 30. Nf3 Bc7 31. Qb4 Bc6 32. Nc8 Qd7 (32... Qe8 {keeps fighting.}) 33. Nxa7 $18 Ba4 34. Qb7 d4 35. c6 Qd8 36. Qb4 Bc2 37. Nb5 Be4 38. Nxc7 ({Weaker is} 38. Nfxd4 Qg5 39. f3 (39. Nxc7 $2 Qxg2#) 39... Qe3+ 40. Kh1 Qc1+ 41. Kh2 Bxe5+ 42. g3 Qe3 $17) 38... Qxc7 39. Nxd4 Qxe5 40. Qc4 Qg5 (40... Kg7 $142 41. Nf3 Qa1+ 42. Kh2 Bxc6 43. Qxc6 Qxa2 44. Qc3+ Kg8) 41. f3 $18 Qe3+ {[%emt 0:00:04] [#]} 42. Kh1 $1 1-0

[Event "CCT Chesscom Classic-D1 2024"]
[Site "Online"]
[Date "2024.05.15"]
[Round "5"]
[White "Firouzja, Alireza"]
[Black "Carlsen, Magnus"]
[Result "1/2-1/2"]
[ECO "C43"]
[WhiteElo "2738"]
[BlackElo "2830"]
[Annotator "TA"]
[PlyCount "59"]
[EventDate "2024.05.08"]
[EventType "k.o."]
[EventCountry "NET"]
[TimeControl "600+2"]

1. e4 e5 2. Nf3 Nf6 3. d4 Nxe4 4. dxe5 d5 5. Nbd2 Qd7 6. Bd3 Nc5 7. Be2 Ne6 8. O-O b6 9. Re1 Bb7 10. Nf1 c5 11. c3 Nc6 12. Ng3 g6 13. Bg5 Bg7 14. Bf6 O-O 15. Qd2 Bxf6 16. exf6 {[%emt 0:00:02] [#] Intending Qh6 and mate.} Qc7 17. Bb5 {[%emt 0:01:58][%cal Ob5c6] Black must now prevent Bxc6!} (17. Qxd5 Ncd4 18. Qe5 Qxe5 19. Nxe5 Nc2 $16) 17... Qf4 $1 18. Qxd5 Ncd8 (18... Nc7 $11 19. Qc4 Qxf6) 19. Qe5 {[%emt 0:00:16] White is much more active. The black rooks are passive.} Bxf3 20. Qxf4 Nxf4 21. gxf3 Nde6 22. Rad1 Rad8 23. Ne4 {[%emt 0:00:07] Prevents Ng5} g5 24. Bd7 h6 25. Rd6 Kh7 26. Red1 Kg6 27. Ba4 Rxd6 28. Rxd6 Rd8 29. Rxd8 Nxd8 30. Bc2 {[%emt 0:00:02] Repels Nd3.   Weighted Error Value: White=0.09 (flawless) /Black=0.08 (flawless) .  Mistake:       	---       	Black=1      Inaccurate:     	White=1     	Black=1      OK:         	White=10    	Black=10     Best:        	---       	Black=2      Strong:       	---       	Black=1} 1/2-1/2

[Event "CCT Chesscom Classic-D1 2024"]
[Site "Online"]
[Date "2024.05.11"]
[Round "51"]
[White "Nepomniachtchi, Ian"]
[Black "Ivic, Velimir"]
[Result "1-0"]
[ECO "B31"]
[WhiteElo "2770"]
[BlackElo "2596"]
[Annotator "TA"]
[PlyCount "109"]
[EventDate "2024.05.08"]
[EventType "k.o."]
[EventCountry "NET"]
[SourceTitle "playchess.com"]
[Source "ChessBase"]
[SourceQuality "1"]
[TimeControl "600+2"]

1. e4 c5 2. Nf3 Nc6 3. Bb5 g6 4. O-O Bg7 5. Re1 e5 6. Bxc6 dxc6 7. d3 Qe7 8. a4 Nf6 9. a5 O-O 10. Be3 Rd8 {[%emt 0:00:05] The position is equal.} 11. Qc1 Ne8 12. Nbd2 Nc7 13. Nc4 f6 14. Nfd2 Ne6 {[%emt 0:00:18] Against f4} 15. Nb3 Rb8 16. Nbd2 b5 17. axb6 axb6 18. b4 b5 19. Na5 Bd7 $36 {[%emt 0:00:01][%mdl 2048] Black has some pressure.} 20. bxc5 Nxc5 21. Ndb3 Na4 22. Bh6 (22. c4 $11 {keeps the balance.}) 22... c5 23. Bxg7 Kxg7 24. Qe3 Rdc8 25. Nd2 Ra8 (25... Qd8 $17 26. Nab3 c4 27. dxc4 bxc4) 26. Nab3 $15 c4 27. dxc4 bxc4 28. Nc1 Be6 29. Ne2 c3 30. Nb3 Qb4 31. Reb1 Qc4 32. Nbc1 Nc5 33. f3 (33. Qxc3 Qxe4 (33... Nxe4 34. Qxc4 Bxc4 35. Rxa8 $19) 34. Ng3 Rxa1 35. Rxa1 Qb7 $15) 33... Nd7 34. Rxa8 Rxa8 35. Qxc3 Qxc3 36. Nxc3 Rc8 37. N1e2 f5 38. Rb2 Kf7 39. Kf2 Ke7 40. Ke3 h5 41. h4 f4+ 42. Kf2 Rc7 43. Nd1 Bc4 44. Ke1 Nc5 45. Nec3 {[%emt 0:00:18] Prevents Na4} Ne6 {[%emt 0:00:01] [#]} 46. Nf2 $1 {[%emt 0:00:10] Black must now prevent Nd3.} Nd4 {[%emt 0:00:02] [#]} (46... Rc6 $16 {might work better.} 47. Nd5+ Kd6) 47. Kd2 (47. Nd3 $1 $18 Kf6 48. Kd2) 47... Rd7 $14 48. Nd3 Nxc2 $2 49. Nd5+ $18 Bxd5 50. Nxe5 (50. Rxc2 Bf7 $16) (50. Kxc2 $18 Rc7+ 51. Kd2) 50... Rd6 (50... Bxe4+ 51. Nxd7 Ne3 52. fxe4 $18) (50... Ne3 $11 51. Nxd7 (51. exd5 $2 Rxd5+ 52. Nd3 Nc4+ 53. Kc3 Nxb2 $19) 51... Nc4+ 52. Kc2 Kxd7) 51. Kxc2 (51. Rxc2 $2 {perishes.} Bxe4+ 52. Kc3 Bxc2 53. Kxc2 Re6 $19) 51... Ba8 52. Ra2 Bc6 53. Ra7+ Kf6 $2 (53... Kf8 54. Nd3 (54. Rf7+ Kg8 $18) 54... Kg8) 54. Nd3 {[%emt 0:00:02] Hoping for e5+.} Rd8 55. Ra6 {[%emt 0:00:04] Weighted Error Value: White=0.19 (very precise) /Black=0.34.  Loses game:     	---       	Black=2      Missed win:     	White=1     	---        Mistake:       	White=2     	Black=3      Inaccurate:     	White=5     	Black=8      OK:         	White=19    	Black=10     Best:        	White=3     	Black=1      Strong:       	White=1     	---} 1-0

[Event "CCT Chesscom Classic-D1 2024"]
[Site "Online"]
[Date "2024.05.11"]
[Round "51"]
[White "Firouzja, Alireza"]
[Black "Sarana, Alexey"]
[Result "1-0"]
[ECO "A06"]
[WhiteElo "2738"]
[BlackElo "2706"]
[Annotator "TA"]
[PlyCount "149"]
[EventDate "2024.05.08"]
[EventType "k.o."]
[EventCountry "NET"]
[SourceTitle "playchess.com"]
[Source "ChessBase"]
[SourceQuality "1"]
[TimeControl "600+2"]

1. Nf3 d5 2. b3 c5 3. e3 Nc6 4. Bb5 f6 5. c4 d4 6. b4 e5 7. d3 Bd7 8. Bxc6 Bxc6 9. b5 Bd7 10. O-O Ne7 11. Re1 Kf7 12. exd4 exd4 13. Nbd2 h6 14. Ne4 Ng6 15. h4 h5 16. Neg5+ Kg8 17. Ne6 Qc8 18. Nf4 Bf5 19. Nxg6 Bxg6 20. Bf4 Qf5 21. Re4 Qg4 22. g3 Bxe4 23. dxe4 Re8 24. Qd3 g6 25. Re1 Rh7 26. e5 Qf5 27. Qxf5 gxf5 28. Rd1 fxe5 29. Nxe5 Rhe7 30. Nd3 Re2 31. Bd2 Bd6 32. Kg2 Kf7 33. Kf3 R2e4 34. a4 Kf6 35. a5 Ke6 36. Rb1 Kd7 37. Rd1 R8e7 38. Bg5 R7e6 39. Bf4 Re8 40. Bd2 $1 R8e7 41. Bg5 $1 Rg7 42. Bh6 Rg8 43. Bd2 Rge8 44. Bg5 Re2 45. Bd2 R8e6 46. Nc1 R2e4 47. Nd3 Rf6 48. Bg5 Rf8 49. Bh6 Ra8 50. Rb1 Kc7 51. Bd2 Rb8 (51... b6 $19 52. Rb2 Kb7) 52. Ra1 (52. Nf4 $142) 52... a6 53. Rb1 {[%emt 0:00:00] [#]} Ra8 $1 54. Rb2 Rb8 ({Better is} 54... b6 $17 {Threatens to win with ...Kd7.} 55. axb6+ Kb7 (55... Kxb6 56. bxa6+ Kc6 57. Ra2 $11)) 55. Rb1 $1 $15 Ree8 56. Nf4 $1 axb5 57. Rxb5 Ra8 ({Black should play} 57... b6 58. axb6+ Kc6 59. Nxh5 Rh8 (59... Rxb6 60. Ng7 $17)) 58. Nd5+ (58. Nxh5 $11 d3 59. Nf4) 58... Kb8 $15 59. Nf6 Re7 (59... Rh8 $1 $15) 60. Nxh5 $11 Ra6 61. Nf6 Re6 $2 (61... Rc6 $11) 62. Nd5 $2 (62. Nd7+ $18 Ka7 63. Nxc5 Bxc5 64. Rxc5) 62... Kc8 63. h5 Bf8 (63... Re8 $11 {keeps the balance.}) 64. Bf4 Bh6 $2 (64... Rac6 $16 {prevents the worst.}) 65. Nc7 $18 Bxf4 66. Nxe6 (66. Nxa6 bxa6 67. Rxc5+ Bc7 68. Rxf5 d3 $14) 66... Bd2 67. Rxc5+ Kb8 68. Nxd4 Bxa5 69. Rxf5 Kc8 70. Rf8+ Kd7 71. Rf7+ Kc8 72. Nf5 Bc3 73. h6 Ra3 74. h7 Kd8 75. Kg4 1-0

[Event "CCT Chesscom Classic-D1 2024"]
[Site "Online"]
[Date "2024.05.11"]
[Round "51"]
[White "Sarana, Alexey"]
[Black "Firouzja, Alireza"]
[Result "1/2-1/2"]
[ECO "D32"]
[WhiteElo "2706"]
[BlackElo "2738"]
[Annotator "TA"]
[PlyCount "114"]
[EventDate "2024.05.08"]
[EventType "k.o."]
[EventCountry "NET"]
[SourceTitle "playchess.com"]
[Source "ChessBase"]
[SourceQuality "1"]
[TimeControl "600+2"]

1. d4 d5 2. c4 e6 3. Nc3 c5 4. cxd5 exd5 5. Nf3 Nc6 6. e3 Nf6 7. Be2 {[%emt 0:00:08] 7.Bb5 is the hot move.} cxd4 8. Nxd4 Bd6 9. Ncb5 {[%emt 0:00:29] D32: Tarrasch Defence: Sidelines and lines without g3.} Bb8 10. Bd2 O-O 11. Rc1 $146 ({Predecessor:} 11. Qc2 Ne5 12. Bb4 Re8 13. Rc1 Bg4 14. Bxg4 Nfxg4 15. Nf5 Qb6 16. a4 a6 17. Bc5 Qxc5 18. Qxc5 {0-1 Stotika,V (2330)-Potkin,V (2295) St Petersburg White Nights op 1998 (6)}) 11... Bd7 12. Nxc6 bxc6 13. Nd4 Ne4 14. Bf3 (14. Nxc6 $2 Qf6 15. O-O Bxc6 $19) 14... Qh4 15. Bxe4 Qxe4 16. Qf3 (16. O-O {keeps more tension.} Rc8 17. Bb4 a5 18. Bc5) 16... Qg6 17. h3 Be5 18. O-O Bxd4 19. exd4 Rfe8 20. Rfe1 h6 21. Re3 Re4 22. Rxe4 Qxe4 23. Qxe4 dxe4 24. Rc5 Rb8 25. b3 Rb5 26. Rc4 a6 27. Ra4 Bc8 28. Rc4 Bd7 29. Ra4 Bc8 30. Kf1 g5 31. Rc4 Bd7 32. h4 f6 33. hxg5 hxg5 34. Ke2 Kf7 35. Ke3 f5 36. g3 Kg6 37. Bb4 Kh5 38. Bd6 Kg6 39. Ra4 Bc8 40. g4 fxg4 41. Kxe4 Rf5 42. Bg3 Rd5 43. Rb4 Bf5+ 44. Ke3 Rb5 45. Rc4 Bd7 46. Rc1 Rf5 47. Kd3 Kf7 48. Rh1 Kg7 49. Ke4 Be6 50. Rc1 Ra5 51. Be5+ (51. Rxc6 $2 {perishes.} Bd5+ 52. Kf5 Bxc6+ $19) 51... Kf7 52. Ke3 (52. Rxc6 $2 {too greedy.} Bd5+ (52... Rxa2 53. Bg3 $11) 53. Kf5 Bxc6 $19) 52... Rxa2 53. Rxc6 Bxb3 54. Rc7+ Ke6 55. Rc6+ Kf7 56. Rc5 Ke6 57. Rc6+ Kf7 1/2-1/2